 Dungeon Crawl Stone Soup version 0.23.1 (webtiles) character file.

Game seed: 0

139643 vishdafish the Blocker (level 17, -4/135 HPs)
             Began as a Gnoll Fighter on Mar 16, 2019.
             Was the Champion of Vehumet.
             Slain by an anaconda (6 damage)
             ... on level 4 of the Snake Pit.
             The game lasted 01:27:06 (39643 turns).

vishdafish the Blocker (Gnoll Fighter)             Turns: 39643, Time: 01:27:07

Health: -4/135     AC: 25    Str: 31    XL:     17   Next: 29%
Magic:  32/32      EV: 16    Int: 14    God:    Vehumet [******]
Gold:   188        SH:  0    Dex: 19    Spells: 9/38 levels left

rFire    x . .     SeeInvis +   V - +4 scimitar (protect)
rCold    + + .     Gourm    .   c - +0 shield
rNeg     . . .     Faith    .   b - +1 ice dragon scales of Life {rF- rC++ Dex+4 SInv} (curse)
rPois    .         Spirit   .   G - +1 helmet {SInv}
rElec    .         Reflect  .   (no cloak)
rCorr    .         Harm     .   B - +2 pair of gloves
MR       +....     Clarity  +   (no boots)
Stlth    ..........             t - amulet of regeneration
HPRegen  0.72/turn              h - +4 ring of protection
MPRegen  0.23/turn              L - +4 ring of strength

@: confused, mighty, lethally poisoned (-4 -> -8), slowed, constricted, very
slow
A: distributed training, fangs 1, blurry vision 1, clarity, strong nose
a: Renounce Religion


You were on level 4 of the Snake Pit.
You worshipped Vehumet.
Vehumet was exalted by your worship.
You were not hungry.

You visited 4 branches of the dungeon, and saw 27 of its levels.
You also visited: Sewer.

You collected 3444 gold pieces.
You spent 3256 gold pieces at shops.

Inventory:

Hand Weapons
 o - a +2 morningstar of protection
 V - a +4 scimitar of protection (weapon)
Armour
 b - the cursed +1 ice dragon scales of Life (worn) {rF- rC++ Dex+4 SInv}
   (You bought it in a shop on level 14 of the Dungeon)

   It affects your dexterity (+4).
   It makes you vulnerable to fire.
   It greatly protects you from cold.
   It lets you see invisible.
   It has a curse placed upon it.
 c - a +0 shield (worn)
 B - a +2 pair of gloves (worn)
 C - the +6 scale mail of the Lizard {rF++ MR+ rCorr Int-5}
   (You bought it in a shop on level 14 of the Dungeon)

   It affects your intelligence (-5).
   It greatly protects you from fire.
   It affects your resistance to hostile enchantments.
   It provides partial protection from all sources of acid and corrosion.
 G - a +1 helmet of see invisible (worn)
Magical Staves
 U - an uncursed staff of wizardry
Jewellery
 h - a +4 ring of protection (left hand)
 t - an amulet of regeneration (around neck)
 L - a +4 ring of strength (right hand)
 M - an uncursed ring of protection from magic
Wands
 E - a wand of paralysis (4)
 F - a wand of iceblast (5)
 P - a wand of digging (17)
 R - a wand of enslavement (10)
 S - a wand of flame (49)
 W - a wand of polymorph (13)
 X - a wand of disintegration (17)
Scrolls
 d - 4 scrolls of magic mapping
 e - 3 scrolls of identify
 g - 8 scrolls of enchant armour
 i - 4 scrolls of enchant weapon
 j - 2 scrolls of vulnerability
 m - 12 scrolls of teleportation
 n - 3 scrolls of immolation
 p - 15 scrolls of remove curse
 q - 6 scrolls of fear
 u - 5 scrolls of amnesia
 v - 4 scrolls of torment
 x - 3 scrolls of fog
 y - a scroll of holy word
 O - 2 scrolls of silence
 Q - 2 scrolls of blinking
Potions
 l - 5 potions of flight
 r - 3 potions of lignification {unknown}
 s - a potion of haste
 w - 5 potions of agility
 z - 3 potions of magic
 D - 10 potions of degeneration
 H - a potion of ambrosia
 I - 3 potions of cancellation
 K - a potion of resistance
 Y - 2 potions of brilliance {unknown}
 Z - 2 potions of mutation
Miscellaneous
 J - 2 sacks of spiders
 T - a crystal ball of energy
Comestibles
 f - 21 rations


   Skills:
 + Level 12.7 Fighting
 + Level 11.2 Short Blades
 + Level 12.0 Long Blades
 + Level 11.2 Axes
 + Level 11.2 Maces & Flails
 + Level 11.2 Polearms
 + Level 11.2 Staves
 + Level 11.2 Slings
 + Level 11.2 Bows
 + Level 11.2 Crossbows
 + Level 11.2 Throwing
 + Level 12.7 Armour
 + Level 11.2 Dodging
 + Level 11.2 Stealth
 + Level 12.7 Shields
 + Level 11.2 Unarmed Combat
 + Level 11.2 Spellcasting
 + Level 9.6 Conjurations
 + Level 9.6 Hexes
 + Level 9.6 Charms
 + Level 9.6 Summonings
 + Level 9.6 Necromancy
 + Level 9.6 Translocations
 + Level 9.6 Transmutations
 + Level 9.6 Fire Magic
 + Level 9.6 Ice Magic
 + Level 9.6 Air Magic
 + Level 9.6 Earth Magic
 + Level 9.6 Poison Magic
 + Level 12.1 Invocations
 + Level 11.2 Evocations


You had 9 spell levels left.
You knew the following spells:

 Your Spells              Type           Power        Failure   Level  Hunger
a - Searing Ray           Conj           ####..       1%          2    None
b - Ignite Poison         Fire/Tmut/Pois ####....     1%          3    None
c - Conjure Ball Lightni  Conj/Air       ####......   17%         6    ######.
d - Freezing Cloud        Conj/Ice/Air   ####......   17%         6    ######.
e - Bolt of Magma         Conj/Fire/Erth ####......   3%          5    #####..
f - Cause Fear            Hex            ####......   4%          4    ###....
g - Tukima's Dance        Hex            ####....     1%          3    None

Your spell library contained the following spells:

 Spells                   Type           Power        Failure   Level  Hunger
 Ozocubu's Refrigeration  Ice            ####......   17%         6    ######.
 Corona                   Hex            ####...      1%          1    None
 Freeze                   Ice            ####         1%          1    None
 Magic Dart               Conj           ####         1%          1    None
 Corpse Rot               Necr           N/A          1%          2    None
 Ensorcelled Hibernation  Hex/Ice        ####..       1%          2    None
 Slow                     Hex            ####....     1%          2    None
 Throw Frost              Conj/Ice       ####..       1%          2    None
 Confuse                  Hex            ####....     1%          3    None
 Dazzling Spray           Conj/Hex       ####..       1%          3    None
 Inner Flame              Hex/Fire       ####....     1%          3    None
 Ozocubu's Armour         Chrm/Ice       ####....     1%          3    None
 Portal Projectile        Hex/Tloc       ####..       1%          3    None
 Stone Arrow              Conj/Erth      ####..       1%          3    None
 Force Lance              Conj/Tloc      ####....     1%          4    ###....
 Fulminant Prism          Conj/Hex       ####......   1%          4    ###....
 Iskenderun's Mystic Bla  Conj           ####....     1%          4    ###....
 Throw Icicle             Conj/Ice       ####....     1%          4    ###....
 Leda's Liquefaction      Hex/Erth       ####......   4%          4    ###....
 Summon Ice Beast         Ice/Summ       ####....     4%          4    ###....
 Summon Forest            Summ/Tloc      ####......   12%         5    #####..
 Bolt of Fire             Conj/Fire      ####......   17%         6    ######.
 Iron Shot                Conj/Erth      ####......   17%         6    ######.
 Hydra Form               Tmut           ####......   56%         6    ######.
 Summon Hydra             Summ           ####......   98%         7    #######


Dungeon Overview and Level Annotations

Branches:
Dungeon (15/15)            Temple (0/1) D:5            Lair (6/6) D:10
 Shoals (0/4) Lair:4        Snake (4/4) Lair:2        Slime (0/5) Lair:5
    Orc (2/2) D:11            Elf (0/3) Orc:2        Vaults (0/5) D:13
 Depths (0/5) D:15

Altars:
Ashenzari
Cheibriados
Dithmenos
Elyvilon
Hepliaklqana
Kikubaaqudgha
Makhleb
Nemelex Xobeh
Ru
Sif Muna
Trog
Vehumet
Wu Jian
Xom
Yredelemnul
Zin
The Shining One
Beogh

Shops:
D:4 *   D:10 (   D:14 %[[   Orc:2 [}(?   Snake:1 }}=(   Snake:2 [*!

Annotations:
D:5 2 transporters, Frank's ghost, novice OpFi


Innate Abilities, Weirdness & Mutations

Your experience applies equally to all skills.
You have very sharp teeth.
Your uncanny sense of smell can sniff out nearby items.
Scrolls take you a little longer to read.
You possess an exceptional clarity of mind.


Message History

You are more confused.
You feel more invigorated.
* * * LOW HITPOINT WARNING * * *
You feel very sick.
The anaconda bites you but does no damage.
* * * LOW HITPOINT WARNING * * *
The anaconda constricts you. The guardian serpent barely misses you.
The anaconda closely misses you.
* * * LOW HITPOINT WARNING * * *
The anaconda constricts you. The guardian serpent barely misses you.
You escape the anaconda's grasp.
* * * LOW HITPOINT WARNING * * *
You feel sick.
The guardian serpent hits you but does no damage.
The anaconda grabs you. The anaconda bites you.
* * * LOW HITPOINT WARNING * * *
The anaconda constricts you.
The guardian serpent hits you but does no damage.
The anaconda bites you.
You die...

..# #..#### #...
.....##... ###.#..#...###
#.....##...#.#
#....+.⌠.##.##
##...#...#...###
##.S..##.##.....###
#.@S[...[#.........
#......#).....#....
#...#..##...#...##.
..######.).#............#.
......................(.N.
########...#........##....
#####.#<...........
#....#########. #..###
###..


You could see an anaconda and a guardian serpent.

Vanquished Creatures
  Kirke (D:12)
  A nagaraja (Snake:4)
  An orc warlord (Orc:2)
  Snorg (Lair:6)
  A fire dragon (Lair:6)
  8 hydras
  7 naga warriors
  A two-headed ogre (shapeshifter) (D:15)
  6 anacondas
  2 catoblepae
  An ogre mage (Orc:2)
  A centaur warrior (D:15)
  9 two-headed ogres
  8 death yaks
  8 shock serpents
  Urug (Lair:1)
  Sonja (Lair:5)
  11 naga sharpshooters
  Nergalle (Orc:2)
  The ghost of Terandir the Cleaver, a novice MiFi of Cheibriados (D:7)
  2 salamander mystics
  A fire crab (shapeshifter) (D:15)
  A skeletal warrior (D:13)
  A glowing orange brain (D:15)
  2 unseen horrors
  A naga ritualist (Snake:3)
  Pikel (D:6)
  A lindwurm (Lair:6)
  2 orc knights
  5 mana vipers
  A manticore (D:12)
  10 orc sorcerers (Orc:2)
  7 salamanders
  8 ugly things
  3 cyclopes
  Joseph (D:7)
  16 naga magi
  21 black mambas
  A guardian serpent (Snake:3)
  5 torpor snails (Lair:6)
  A black mamba (shapeshifter) (D:15)
  7 elephants
  16 spiny frogs
  4 centaur skeletons (D:13)
  2 rime drakes
  4 kobold demonologists
  4 yaktaurs (D:13)
  A freezing wraith (D:15)
  6 komodo dragons
  A queen bee (shapeshifter) (D:15)
  8 trolls
  A polar bear (shapeshifter) (D:15)
  A queen bee (Lair:5)
  3 meliai (Lair:6)
  9 polar bears (Lair:6)
  6 hornets (Lair:6)
  4 tyrant leeches (Lair:6)
  9 blink frogs
  12 slime creatures
  7 dream sheep (Lair:5)
  A raiju (Lair:6)
  9 hippogriffs
  Sigmund (D:3)
  A centaur simulacrum (D:15)
  A wraith (D:15)
  2 hogs
  36 yaks
  6 wyverns
  2 water elementals (D:13)
  3 basilisks
  A hungry ghost (D:10)
  7 wargs
  10 vampire mosquitoes
  An acid dragon (D:13)
  44 nagas
  19 water moccasins
  14 hell hounds (Lair:6)
  6 porcupines
  20 orc warriors
  14 black bears
  6 sky beasts
  3 slaves (D:6)
  A swamp drake (D:11)
  An ice beast (D:12)
  5 ogres
  An eye of draining (D:11)
  13 centaurs
  A necrophage (D:13)
  13 wolves (Lair:6)
  15 crocodiles
  7 big kobolds
  A wyvern zombie (D:11)
  13 bullfrogs
  A gnoll sergeant (D:11)
  2 wyvern skeletons
  2 scorpions
  30 killer bees
  12 wights
  3 electric eels
  9 crimson imps
  A bullfrog zombie (D:12)
  3 hounds
  A quasit (D:5)
  15 orc priests
  12 jellies
  44 orc wizards
  A bullfrog skeleton (D:10)
  4 iguanas
  9 worker ants
  A hound zombie (D:11)
  A hound skeleton (D:9)
  A worker ant zombie (D:9)
  9 gnolls
  A howler monkey skeleton (D:11)
  16 adders
  7 shadow imps
  12 white imps (Lair:5)
  8 oozes
  2 adder skeletons
  A dart slug (D:2)
  A worm (D:5)
  7 leopard geckos
  83 orcs
  6 ball pythons
  3 giant cockroaches
  6 goblins
  8 hobgoblins
  15 jackals
  20 kobolds
  2 quokkas
  14 bats
  4 frilled lizards
  6 rats
  A bush (D:14)
  4 plants
933 creatures vanquished.

Vanquished Creatures (others)
  A naga warrior (Snake:3)
  14 ball lightnings
  A naga (Snake:1)
  A slave (D:6)
  An ogre (D:12)
  A crocodile (Lair:5)
  2 electric eels (Snake:1)
  An orc (D:6)
  15 bushes (D:14)
  4 fungi (Lair:6)
  26 plants
67 creatures vanquished.

Grand Total: 1000 creatures vanquished

Notes
Turn   | Place    | Note
-------+----------+-------------------------------------------
     0 | D:1      | vishdafish the Gnoll Fighter began the quest for the Orb.
     0 | D:1      | Reached XP level 1. HP: 23/23 MP: 1/1
   226 | D:1      | Reached XP level 2. HP: 27/29 MP: 2/2
   407 | D:1      | Reached XP level 3. HP: 32/35 MP: 3/3
   656 | D:2      | Found a hazy altar of Hepliaklqana.
   674 | D:2      | Reached skill level 1 in Invocations
  1025 | D:1      | Reached skill level 1 in Short Blades
  1025 | D:1      | Reached skill level 1 in Axes
  1025 | D:1      | Reached skill level 1 in Maces & Flails
  1025 | D:1      | Reached skill level 1 in Polearms
  1025 | D:1      | Reached skill level 1 in Staves
  1025 | D:1      | Reached skill level 1 in Slings
  1025 | D:1      | Reached skill level 1 in Bows
  1025 | D:1      | Reached skill level 1 in Crossbows
  1025 | D:1      | Reached skill level 1 in Throwing
  1025 | D:1      | Reached skill level 1 in Dodging
  1025 | D:1      | Reached skill level 1 in Stealth
  1025 | D:1      | Reached skill level 1 in Unarmed Combat
  1025 | D:1      | Reached skill level 1 in Spellcasting
  1025 | D:1      | Reached skill level 1 in Evocations
  1025 | D:1      | Reached XP level 4. HP: 21/41 MP: 5/5
  1426 | D:2      | Found a bloodstained altar of Trog.
  1504 | D:2      | Found a radiant altar of Vehumet.
  1513 | D:2      | Reached skill level 1 in Conjurations
  1513 | D:2      | Reached skill level 1 in Hexes
  1513 | D:2      | Reached skill level 1 in Charms
  1513 | D:2      | Reached skill level 1 in Summonings
  1513 | D:2      | Reached skill level 1 in Necromancy
  1513 | D:2      | Reached skill level 1 in Translocations
  1513 | D:2      | Reached skill level 1 in Transmutations
  1513 | D:2      | Reached skill level 1 in Fire Magic
  1513 | D:2      | Reached skill level 1 in Ice Magic
  1513 | D:2      | Reached skill level 1 in Air Magic
  1513 | D:2      | Reached skill level 1 in Earth Magic
  1513 | D:2      | Reached skill level 1 in Poison Magic
  1519 | D:2      | Became a worshipper of Vehumet
  1838 | D:3      | Reached XP level 5. HP: 47/47 MP: 6/6
  1982 | D:3      | Noticed Sigmund
  2002 | D:3      | Killed Sigmund
  2002 | D:3      | Reached XP level 6. HP: 50/53 MP: 6/8
  2537 | D:4      | Noticed an angel
  2538 | D:4      | Found a glowing silver altar of Zin.
  2707 | D:4      | Found a shadowy altar of Dithmenos.
  2768 | D:4      | Reached skill level 5 in Long Blades
  3098 | D:4      | Found Tomadyr's General Store.
  3113 | D:4      | Bought a scroll of remove curse for 30 gold pieces
  3113 | D:4      | Bought a scroll of identify for 20 gold pieces
  3176 | D:4      | Found a sparkling altar of Nemelex Xobeh.
  3499 | D:4      | Found a shimmering altar of Xom.
  3512 | D:4      | Reached * piety under Vehumet
  3512 | D:4      | Offered knowledge of Flame Tongue by Vehumet.
  3671 | D:5      | Entered Level 5 of the Dungeon
  3687 | D:4      | Reached XP level 7. HP: 6/59 MP: 10/10
  4072 | D:5      | Found a transporter.
  4073 | D:5      | Noticed Frank's ghost (novice OpFi)
  4256 | D:5      | Found a staircase to the Ecumenical Temple.
  4265 | D:5      | Found a transporter.
  4348 | D:5      | Found a sacrificial altar of Ru.
  4568 | D:6      | Found a deep blue altar of Sif Muna.
  4617 | D:6      | Found a glowing drain.
  4629 | Sewer    | Entered a sewer
  5126 | Sewer    | Reached ** piety under Vehumet
  5261 | Sewer    | Offered knowledge of Freeze by Vehumet.
  5521 | D:6      | Noticed Pikel
  5554 | D:6      | Killed Pikel
  5554 | D:6      | Reached XP level 8. HP: 29/67 MP: 10/12
  5780 | D:6      | Found a burning altar of Makhleb.
  5780 | D:6      | Noticed a balrug
  5783 | D:6      | Noticed an orange demon
  6361 | D:6      | Offered knowledge of Searing Ray by Vehumet.
  6361 | D:6      | Reached XP level 9. HP: 48/72 MP: 14/14
  6544 | D:7      | Learned a level 2 spell: Searing Ray
  6560 | D:7      | Noticed Joseph
  7200 | D:7      | Killed Joseph
  7599 | D:7      | Found a snail-covered altar of Cheibriados.
  7750 | D:7      | You fall through a shaft!
  7798 | D:8      | Reached *** piety under Vehumet
  8079 | D:8      | Found an ornate altar of the Wu Jian Council.
  8140 | D:8      | Found a white marble altar of Elyvilon.
  8210 | D:8      | Offered knowledge of Ignite Poison by Vehumet.
  8354 | D:8      | Noticed a two-headed ogre
  8405 | D:7      | Reached skill level 5 in Invocations
  8654 | D:7      | Found a runed translucent door.
  8656 | D:7      | Noticed Terandir's ghost (novice MiFi)
  8750 | D:7      | Killed Terandir's ghost
  8750 | D:7      | Reached XP level 10. HP: 49/80 MP: 15/17
  8804 | D:7      | Killed a two-headed ogre
  8804 | D:7      | Reached skill level 5 in Short Blades
  8804 | D:7      | Reached skill level 5 in Axes
  8804 | D:7      | Reached skill level 5 in Maces & Flails
  8804 | D:7      | Reached skill level 5 in Polearms
  8804 | D:7      | Reached skill level 5 in Staves
  8804 | D:7      | Reached skill level 5 in Slings
  8804 | D:7      | Reached skill level 5 in Bows
  8804 | D:7      | Reached skill level 5 in Crossbows
  8804 | D:7      | Reached skill level 5 in Throwing
  8804 | D:7      | Reached skill level 5 in Dodging
  8804 | D:7      | Reached skill level 5 in Stealth
  8804 | D:7      | Reached skill level 5 in Unarmed Combat
  8804 | D:7      | Reached skill level 5 in Spellcasting
  8804 | D:7      | Reached skill level 5 in Evocations
  9222 | D:8      | Found a basalt altar of Yredelemnul.
  9227 | D:8      | Found a glowing golden altar of the Shining One.
  9229 | D:8      | Noticed an angel
  9395 | D:8      | Got a bloodstained long sword
  9396 | D:8      | Identified the +3 long sword "Daodaun" {pain, SInv Stlth+}
                  | (You found it on level 8 of the Dungeon)
  9460 | D:9      | Learned a level 3 spell: Ignite Poison
  9715 | D:9      | Reached **** piety under Vehumet
  9746 | D:9      | Found a shattered altar of Ashenzari.
 10020 | D:9      | Offered knowledge of Force Lance by Vehumet.
 10178 | D:10     | Entered Level 10 of the Dungeon
 10243 | D:10     | Noticed a two-headed ogre
 10257 | D:10     | HP: 3/82 [two-headed ogre/+0 giant spiked club (33)]
 10258 | D:10     | Killed a two-headed ogre
 10265 | D:10     | Noticed an elephant
 10623 | D:10     | Reached XP level 11. HP: 55/87 MP: 19/19
 10957 | D:10     | Found a snail-covered altar of Cheibriados.
 11047 | D:10     | Found a staircase to the Lair.
 11105 | D:10     | Got a brightly glowing dagger
 11106 | D:10     | Identified the cursed +0 dagger "Woxareon" {pierce, *Drain
                  | Dex+6} (You found it on level 10 of the Dungeon)
 11197 | D:10     | Found Nycsek's Antique Weapon Shoppe.
 11924 | D:11     | Reached skill level 5 in Conjurations
 11924 | D:11     | Reached skill level 5 in Hexes
 11924 | D:11     | Reached skill level 5 in Charms
 11924 | D:11     | Reached skill level 5 in Summonings
 11924 | D:11     | Reached skill level 5 in Necromancy
 11924 | D:11     | Reached skill level 5 in Translocations
 11924 | D:11     | Reached skill level 5 in Transmutations
 11924 | D:11     | Reached skill level 5 in Fire Magic
 11924 | D:11     | Reached skill level 5 in Ice Magic
 11924 | D:11     | Reached skill level 5 in Air Magic
 11924 | D:11     | Reached skill level 5 in Earth Magic
 11924 | D:11     | Reached skill level 5 in Poison Magic
 11965 | D:11     | Noticed a two-headed ogre
 11971 | D:11     | Killed a two-headed ogre
 12404 | D:11     | Reached ***** piety under Vehumet
 12513 | D:11     | Offered knowledge of Conjure Ball Lightning by Vehumet.
 12530 | D:11     | Learned a level 6 spell: Conjure Ball Lightning
 12531 | D:11     | You fall through a shaft!
 12532 | D:12     | Noticed a two-headed ogre
 12542 | D:12     | Killed a two-headed ogre
 12980 | D:12     | Reached XP level 12. HP: 45/96 MP: 22/22
 13414 | D:12     | Noticed Kirke
 13597 | D:11     | Noticed a two-headed ogre
 13603 | D:11     | Killed a two-headed ogre
 14035 | D:12     | Killed Kirke
 14916 | D:11     | Noticed a catoblepas
 14952 | D:11     | Killed a catoblepas
 14992 | D:11     | Found a staircase to the Orcish Mines.
 15880 | D:13     | Reached skill level 10 in Fighting
 15880 | D:13     | Reached skill level 10 in Armour
 15880 | D:13     | Reached skill level 10 in Shields
 15934 | D:13     | Reached XP level 13. HP: 31/103 MP: 24/24
 16285 | D:13     | Offered knowledge of Fireball by Vehumet.
 18021 | D:13     | Found a gate to the Vaults.
 18542 | Lair:1   | Entered Level 1 of the Lair of Beasts
 19024 | Lair:1   | Noticed Urug
 19034 | Lair:1   | Killed Urug
 20456 | Lair:2   | Found a staircase to the Snake Pit.
 20774 | Lair:2   | You fall through a shaft for 2 floors!
 21261 | Lair:3   | Gained mutation: You possess an exceptional clarity of
                  | mind. [potion of mutation]
 21261 | Lair:3   | Gained mutation: Scrolls take you a little longer to read.
                  | [potion of mutation]
 21261 | Lair:3   | Lost mutation: You possess an exceptional clarity of mind.
                  | [potion of mutation]
 21261 | Lair:3   | Gained mutation: You possess an exceptional clarity of
                  | mind. [potion of mutation]
 21652 | Lair:4   | Reached XP level 14. HP: 89/111 MP: 26/26
 21867 | Lair:3   | Identified the Catalogue of Fire and Earth
 23228 | Lair:3   | Reached skill level 10 in Long Blades
 23669 | Lair:4   | Found a staircase to the Shoals.
 23997 | Lair:5   | Noticed Sonja
 24002 | Lair:5   | Killed Sonja
 24698 | Lair:5   | Got a jasper-encrusted ring mail
 24709 | Lair:5   | Identified the +0 ring mail "Umori" {rPois Str+5} (You
                  | found it on level 5 of the Lair of Beasts)
 24850 | Lair:5   | Reached ****** piety under Vehumet
 25112 | Lair:5   | Found a staircase to the Slime Pits.
 25222 | Lair:5   | Offered knowledge of Freezing Cloud by Vehumet.
 25222 | Lair:5   | Reached skill level 10 in Invocations
 25262 | Lair:5   | Learned a level 6 spell: Freezing Cloud
 25299 | Lair:5   | Learned a level 5 spell: Bolt of Magma
 25304 | Lair:5   | Learned a level 4 spell: Cause Fear
 25816 | Lair:6   | Entered Level 6 of the Lair of Beasts
 26014 | Lair:6   | Noticed Snorg
 26026 | Lair:6   | Killed Snorg
 26524 | Lair:5   | Reached XP level 15. HP: 56/119 MP: 28/28
 27266 | Lair:6   | Offered knowledge of Poison Arrow by Vehumet.
 27701 | Lair:6   | Found a runed translucent door.
 27732 | Lair:6   | Paralysed by a hornet for 3 turns
 28651 | Orc:1    | Entered Level 1 of the Orcish Mines
 28731 | Orc:2    | Entered Level 2 of the Orcish Mines
 28857 | Orc:2    | Noticed an orc warlord
 28876 | Orc:2    | Killed an orc warlord
 29055 | Orc:2    | Found a staircase to the Elven Halls.
 29148 | Orc:2    | Reached skill level 10 in Short Blades
 29148 | Orc:2    | Reached skill level 10 in Axes
 29148 | Orc:2    | Reached skill level 10 in Maces & Flails
 29148 | Orc:2    | Reached skill level 10 in Polearms
 29148 | Orc:2    | Reached skill level 10 in Staves
 29148 | Orc:2    | Reached skill level 10 in Slings
 29148 | Orc:2    | Reached skill level 10 in Bows
 29148 | Orc:2    | Reached skill level 10 in Crossbows
 29148 | Orc:2    | Reached skill level 10 in Throwing
 29148 | Orc:2    | Reached skill level 10 in Dodging
 29148 | Orc:2    | Reached skill level 10 in Stealth
 29148 | Orc:2    | Reached skill level 10 in Unarmed Combat
 29148 | Orc:2    | Reached skill level 10 in Spellcasting
 29148 | Orc:2    | Reached skill level 10 in Evocations
 29376 | Orc:2    | Found an ancient bone altar of Kikubaaqudgha.
 29380 | Orc:2    | Noticed Nergalle
 29397 | Orc:2    | Killed Nergalle
 29404 | Orc:2    | Found Fuaqisug's Gadget Boutique.
 29412 | Orc:2    | Offered knowledge of Bolt of Cold by Vehumet.
 29457 | Orc:2    | Found a radiant altar of Vehumet.
 29514 | Orc:2    | Found a roughly hewn altar of Beogh.
 29514 | Orc:2    | Found Rafack Wiesi's Antique Armour Boutique.
 29528 | Orc:2    | Found Edosche's Magic Scroll Shop.
 29613 | Orc:2    | Found Uklul's Antique Weapon Shop.
 30056 | Orc:2    | Bought a scroll of enchant armour for 135 gold pieces
 30056 | Orc:2    | Bought a scroll of holy word for 135 gold pieces
 30056 | Orc:2    | Bought a scroll of silence for 135 gold pieces
 30056 | Orc:2    | Bought a scroll of enchant weapon for 135 gold pieces
 30746 | D:14     | Paralysed by a kobold demonologist for 4 turns
 30995 | D:14     | Found Ofoditruikim's Food Shop.
 31112 | D:14     | Found Zil Raa's Antique Armour Shop.
 31118 | D:14     | Bought a fine scale mail for 261 gold pieces
 31130 | D:14     | Identified the +6 scale mail of the Lizard {rF++ MR+ rCorr
                  | Int-5} (You bought it in a shop on level 14 of the Dungeon)
 31182 | D:14     | Found Kofudupy's Antique Armour Emporium.
 31560 | D:15     | Entered Level 15 of the Dungeon
 31990 | D:15     | Reached XP level 16. HP: 127/127 MP: 30/30
 32700 | D:15     | Found a staircase to the Depths.
 33175 | Snake:1  | Entered Level 1 of the Snake Pit
 33642 | Snake:1  | Found Naolor's Jewellery Shoppe.
 33642 | Snake:1  | Found Xihazeog's Gadget Boutique.
 33643 | Snake:1  | Found Lohe's Gadget Boutique.
 34131 | Snake:1  | Found Dyeromep's Weapon Boutique.
 34535 | Snake:1  | Learned a level 3 spell: Tukima's Dance
 34564 | Snake:2  | Found Tunes's Distillery.
 34577 | Snake:2  | Found Naiseuhi's General Store.
 34737 | Snake:2  | Found Otiax's Armour Emporium.
 34774 | Snake:2  | Offered knowledge of Ozocubu's Refrigeration by Vehumet.
 36277 | Snake:2  | Found a deep blue altar of Sif Muna.
 36326 | Snake:2  | You fall through a shaft!
 37238 | Snake:3  | Reached XP level 17. HP: 117/135 MP: 6/32
 37455 | D:14     | Bought distressingly furry ice dragon scales for 2405 gold
                  | pieces
 37457 | D:14     | Identified the cursed +1 ice dragon scales of Life {rF-
                  | rC++ Dex+4 SInv} (You bought it in a shop on level 14 of
                  | the Dungeon)
 39001 | Snake:4  | Entered Level 4 of the Snake Pit
 39633 | Snake:4  | HP: 5/135 [nagaraja (2)]
 39637 | Snake:4  | HP: 1/135 [guardian serpent/bolt of poison (24)]
 39642 | Snake:4  | HP: 5/135 [poisoned by a guardian serpent (bolt of poison)]
 39642 | Snake:4  | HP: 1/135 [anaconda (3)]
 39643 | Snake:4  | Slain by an anaconda

Skill      XL: |  1  2  3  4  5  6  7  8  9 10 11 12 13 14 15 16 17 |
---------------+----------------------------------------------------+-----
Invocations    | 1 2 3 4 5 6 7 8 9 10 11 12 | 12.1
Short Blades   | 1 2 3 4 5 6 7 8 9 10 11 | 11.2
Axes           | 1 2 3 4 5 6 7 8 9 10 11 | 11.2
Maces & Flails | 1 2 3 4 5 6 7 8 9 10 11 | 11.2
Polearms       | 1 2 3 4 5 6 7 8 9 10 11 | 11.2
Staves         | 1 2 3 4 5 6 7 8 9 10 11 | 11.2
Slings         | 1 2 3 4 5 6 7 8 9 10 11 | 11.2
Bows           | 1 2 3 4 5 6 7 8 9 10 11 | 11.2
Crossbows      | 1 2 3 4 5 6 7 8 9 10 11 | 11.2
Throwing       | 1 2 3 4 5 6 7 8 9 10 11 | 11.2
Dodging        | 1 2 3 4 5 6 7 8 9 10 11 | 11.2
Stealth        | 1 2 3 4 5 6 7 8 9 10 11 | 11.2
Unarmed Combat | 1 2 3 4 5 6 7 8 9 10 11 | 11.2
Spellcasting   | 1 2 3 4 5 6 7 8 9 10 11 | 11.2
Evocations     | 1 2 3 4 5 6 7 8 9 10 11 | 11.2
Conjurations   | 1 2 3 4 5 6 7 8 9 |  9.6
Hexes          | 1 2 3 4 5 6 7 8 9 |  9.6
Charms         | 1 2 3 4 5 6 7 8 9 |  9.6
Summonings     | 1 2 3 4 5 6 7 8 9 |  9.6
Necromancy     | 1 2 3 4 5 6 7 8 9 |  9.6
Translocations | 1 2 3 4 5 6 7 8 9 |  9.6
Transmutations | 1 2 3 4 5 6 7 8 9 |  9.6
Fire Magic     | 1 2 3 4 5 6 7 8 9 |  9.6
Ice Magic      | 1 2 3 4 5 6 7 8 9 |  9.6
Air Magic      | 1 2 3 4 5 6 7 8 9 |  9.6
Earth Magic    | 1 2 3 4 5 6 7 8 9 |  9.6
Poison Magic   | 1 2 3 4 5 6 7 8 9 |  9.6
Long Blades    | 5 6 7 8 9 10 11 12 | 12.0
Fighting       | 7 8 9 10 11 12 | 12.7
Armour         | 7 8 9 10 11 12 | 12.7
Shields        | 7 8 9 10 11 12 | 12.7

Action                   |  1- 3 |  4- 6 |  7- 9 | 10-12 | 13-15 | 16-18 || total
-------------------------+-------+-------+-------+-------+-------+-------++-------
Melee: Long sword        |    93 |   174 |   261 |   534 |   182 |       ||  1244
       Bite              |    10 |    24 |    63 |   114 |   298 |   119 ||   628
       Trident           |       |       |   201 |    28 |       |       ||   229
       Unarmed           |       |       |       |     3 |       |       ||     3
       Scimitar          |       |       |       |       |  1448 |   636 ||  2084
       Staff             |       |       |       |       |     5 |    31 ||    36
 Fire: Hunting sling     |       |       |    30 |     5 |       |       ||    35
Throw: Throwing net      |       |     1 |     1 |       |       |     1 ||     3
       Tomahawk          |       |       |     1 |    15 |    20 |       ||    36
       Javelin           |       |       |       |    11 |    61 |    27 ||    99
 Cast: Searing Ray       |       |       |       |     1 |       |     1 ||     2
       Cause Fear        |       |       |       |       |     2 |     2 ||     4
       Bolt of Magma     |       |       |       |       |    16 |    56 ||    72
       Freezing Cloud    |       |       |       |       |     2 |    18 ||    20
       Conjure Ball Ligh |       |       |       |       |       |     7 ||     7
       Tukima's Dance    |       |       |       |       |       |     2 ||     2
Evoke: Wand              |       |       |       |    46 |    37 |    28 ||   111
  Use: Potion            |     1 |     5 |     3 |     3 |     5 |    16 ||    33
       Scroll            |       |     6 |     6 |     9 |     7 |     1 ||    29
 Stab: Held in net/web   |       |     1 |     1 |       |       |     3 ||     5
       Sleeping          |       |       |     1 |    10 |    21 |    14 ||    46
       Paralysed         |       |       |       |    31 |     4 |       ||    35
       Distracted        |       |       |       |     1 |     2 |     2 ||     5
  Eat: Ration            |     1 |     1 |     3 |     4 |     9 |    15 ||    33
       Chunk             |       |     2 |     7 |    13 |    28 |     7 ||    57
Armor: Scale mail        |    34 |    52 |   191 |   179 |   207 |   224 ||   887
       Ring mail         |       |       |       |       |   392 |       ||   392
       Ice dragon scales |       |       |       |       |       |    60 ||    60
Dodge: Dodged            |    31 |    56 |   193 |   265 |  1059 |   359 ||  1963
Block: Shield            |    64 |   102 |   283 |   386 |  1248 |   505 ||  2588
       Rpst.: Long sword |     9 |    14 |    27 |    72 |    26 |       ||   148
       Scimitar          |       |       |       |       |   264 |    53 ||   317
